 Dungeon Crawl Stone Soup version 0.31.0-32-g396128a36d (webtiles) character file.

Game seed: 11247642032654377365

991 TheRollingGherkin the Trooper (level 7, -3/64 HPs)
             Began as a Minotaur Fighter on Apr 2, 2024.
             Was an Initiate of Yredelemnul.
             Slain by an orc warrior
             ... wielding a +0 battleaxe
              (17 damage)
             ... on level 6 of the Dungeon.
             The game lasted 00:27:31 (3882 turns).

TheRollingGherkin the Trooper (Minotaur Fighter)    Turns: 3882, Time: 00:27:32

Health: -3/64      AC:  7    Str: 22    XL:     7   Next: 98%
Magic:  6/6        EV:  8    Int:  5    God:    Yredelemnul [......]
Gold:   310        SH:  9    Dex: 10    Spells: 6/6 levels left

rFire   . . .        a - +0 war axe
rCold   . . .        o - +0 kite shield
rNeg    . . .        b - +0 scale mail
rPois   .            (helmet restricted)
rElec   .            (no cloak)
rCorr   .            (no gloves)
SInv    .            (no boots)
Will    +....        q - amulet of regeneration Stlth
                     (no ring)
HPRegen 1.10/turn    (no ring)
MPRegen 0.10/turn

%: no passive effects
@: enlightened, flying, hasted, very quick
A: horns 2, retaliatory headbutt
a: Renounce Religion, Recall Undead Harvest


You were on level 6 of the Dungeon.
You worshipped Yredelemnul.
Yredelemnul was noncommittal.
You visited 1 branch of the dungeon, and saw 6 of its levels.

You collected 310 gold pieces.

Inventory:

Hand Weapons
 a - a +0 war axe (weapon)
 x - a +2 whip of flaming
Missiles
 r - a throwing net (quivered)
 B - 4 javelins
Armour
 b - a +0 scale mail (worn)
 c - a +0 buckler
 o - a +0 kite shield (worn)
Jewellery
 q - an amulet of regeneration (around neck)
Wands
 m - a wand of polymorph (31)
Scrolls
 e - 4 scrolls of identify {unknown}
 h - 2 scrolls of blinking {unknown}
 i - a scroll of vulnerability {unknown}
 l - 2 scrolls of fog {unknown}
 v - a scroll of amnesia {unknown}
 w - a scroll of silence {unknown}
 y - 3 scrolls of brand weapon {unknown}
 A - 2 scrolls of poison {unknown}
Potions
 d - a potion of might
 g - 2 potions of invisibility {unknown}
 j - 2 potions of lignification {unknown}
 k - a potion of haste
 n - a potion of curing {unknown}
 p - a potion of brilliance {unknown}
 s - a potion of degeneration {unknown}
 t - 2 potions of magic {unknown}
 u - a potion of heal wounds {unknown}
 z - a potion of cancellation {unknown}


   Skills:
 + Level 6.6 Fighting
 + Level 6.0 Axes
 + Level 6.5 Armour
 + Level 6.5 Shields


You had 6 spell levels left.
You didn't know any spells.
Your spell library contained the following spells:

 Spells                   Type           Power      Damage    Failure   Level
 Magic Dart               Conj           0%         1d3       95%         1
 Blink                    Tloc           0%         N/A       99%         2
 Call Imp                 Summ           0%         N/A       99%         2
 Lesser Beckoning         Tloc           0%         N/A       99%         2
 Gell's Gravitas          Tloc           0%         N/A       100%        3
 Teleport Other           Tloc           0%         N/A       100%        3


Dungeon Overview and Level Annotations

Branches:
Dungeon (6/15)
 Temple: D:4-7

Altars:
Ashenzari
Trog
Wu Jian
Yredelemnul


Innate Abilities, Weirdness & Mutations

You have a pair of horns on your head.
You reflexively headbutt those who attack you in melee.


Message History

The ufetubus hits you. The bullfrog barely misses you. You furiously retaliate!
You headbutt the bullfrog!
Your orc zombie barely misses the bullfrog.
The orc warrior hits you with a +0 battleaxe!!
* * * LOW HITPOINT WARNING * * *
The ufetubus attacks as it pursues you! The ufetubus hits you.
* * * LOW HITPOINT WARNING * * *
You block the ufetubus's attack. The bullfrog hits you.
* * * LOW HITPOINT WARNING * * *
The orc warrior closely misses you. You furiously retaliate!
You headbutt the orc warrior, but do no damage.
You completely miss the ufetubus. Your headbutt misses the ufetubus.
The ufetubus is moderately wounded.
You barely miss the bullfrog.
You hit the orc warrior but do no damage.
The ufetubus hits you.
* * * LOW HITPOINT WARNING * * *
You block the ufetubus's attack.
The bullfrog hits you but does no damage.
Your orc zombie barely misses the bullfrog.
The ufetubus hits you but does no damage.
You block the ufetubus's attack. The bullfrog closely misses you.
You furiously retaliate!
You headbutt the bullfrog, but do no damage.
The orc warrior closely misses you.
It was a potion of enlightenment.
You feel very buoyant.
You fly up into the air.
The ufetubus completely misses you. The ufetubus barely misses you.
The bullfrog closely misses you.
Your orc zombie barely misses the bullfrog.
You block the orc warrior's attack. The ufetubus closely misses you.
You furiously retaliate!
You headbutt the ufetubus!
You kill the ufetubus!
The bullfrog hits you but does no damage.
Your Axes skill increases to level 6!
It was a potion of haste.
You feel yourself speed up. You block the bullfrog's attack.
Your orc zombie hits the bullfrog.
The orc warrior hits you with a +0 battleaxe!
You die...
Your body rises from the dead as a mindless zombie.

#.. #+## #.. #... #.. .
#... #.. .. #.##
##'############.... ###.#.
#........!....#......#...'.
#..........)..#......#...#.
#........ZFo..'......#...#.
#.........@ho.#......+.<.#.
##.)###...#####..)...##'##.
##..####+###...f######..#
#..........'....#....)).#
#..........#....'.......+
##...##..###.h..##'######.
###'###..#................
#........#................
#........#............)../


You could see an orc warrior (ally target), a bullfrog, a hound, an orc and a
friendly orc zombie.

Vanquished Creatures
  A black bear (D:5)
  An ogre (D:4)
  A phantom (D:5)
  2 scorpions
  3 hounds
  A jelly (D:5)
  2 sleepcaps (D:6)
  An iguana (D:3)
  An orc wizard (D:6)
  Natasha (twice) (D:2)
  3 gnolls (D:6)
  2 adders (D:5)
  A shadow imp (D:5)
  4 ufetubi
  A dart slug (D:4)
  8 orcs
  8 ball pythons
  5 endoplasms
  A giant cockroach (D:2)
  4 goblins
  A hobgoblin (D:3)
  8 jackals
  7 kobolds
  6 quokkas
  4 bats
  A frilled lizard (D:3)
  2 rats
81 creatures vanquished.

Vanquished Creatures (collateral kills)
  A black bear (D:4)
  An orc priest (D:5)
  Natasha (D:2)
  An orc wizard (D:5)
  2 adders
  A shadow imp (D:5)
  A white imp (D:3)
  A ribbon worm (D:5)
  An orc (D:4)
  A bat (D:2)
  3 endoplasms
  A goblin (D:1)
  2 ball pythons
  A frilled lizard (D:1)
  3 kobolds
21 creatures vanquished.

Vanquished Creatures (others)
  A hound zombie (D:6)
  A gnoll zombie (D:6)
  A ball python zombie (D:3)
  A jackal zombie (D:1)
  3 kobold zombies
  5 orc zombies
  A quokka zombie (D:3)
  A spectral ufetubus (D:5)
14 creatures vanquished.

Grand Total: 116 creatures vanquished

Notes
Turn   | Place    | Note
-------+----------+-------------------------------------------
     0 | D:1      | TheRollingGherkin the Minotaur Fighter began the quest for
                  | the Orb.
     0 | D:1      | Reached XP level 1. HP: 19/19 MP: 0/0
    20 | D:1      | Found a faded altar of an unknown god.
    48 | D:1      | Prayed at the altar of an unknown god.
    48 | D:1      | Became a worshipper of Yredelemnul the Dark
    48 | D:1      | Reached * piety under Yredelemnul
   198 | D:1      | Reached XP level 2. HP: 25/27 MP: 1/1
   230 | D:1      | Reached ** piety under Yredelemnul
   328 | D:1      | Reached XP level 3. HP: 29/33 MP: 2/2
   451 | D:1      | Reached *** piety under Yredelemnul
   626 | D:2      | Noticed Natasha
   633 | D:2      | Killed Natasha
   828 | D:2      | Noticed Natasha
   838 | D:2      | Killed Natasha
   839 | D:2      | Reached XP level 4. HP: 39/41 MP: 3/3
  1097 | D:2      | Noticed Natasha
  1106 | D:2      | Killed Natasha
  1291 | D:3      | Found a broken altar of Ashenzari.
  1303 | D:3      | Reached XP level 5. HP: 46/47 MP: 4/4
  1808 | D:4      | Noticed an ogre
  1824 | D:4      | Killed an ogre
  1825 | D:4      | Reached skill level 5 in Fighting
  1825 | D:4      | Reached skill level 5 in Armour
  1825 | D:4      | Reached skill level 5 in Shields
  1825 | D:4      | Reached XP level 6. HP: 56/56 MP: 5/5
  1999 | D:4      | Found a bloodstained altar of Trog.
  2186 | D:4      | Found an ornate altar of the Wu Jian Council.
  2428 | D:5      | Entered Level 5 of the Dungeon
  2493 | D:5      | Reached skill level 5 in Axes
  2493 | D:5      | Reached XP level 7. HP: 60/62 MP: 6/6
  3882 | D:6      | Slain by an orc warrior

Illustrated notes

Levels and vault maps discovered:
D:1:      dpeg_arrival_solitude, layout_basic, chequers_ecumenical_altar_simple
D:2:      layout_loops_ring, serial_rivers, chequers_serial_rivers_micro_a,
          chequers_serial_rivers_marsh, chequers_serial_rivers_room_b,
          chequers_serial_rivers_room_a, chequers_serial_rivers_micro_c,
          chequers_serial_rivers_small_a, kennysheep_generic_room_14,
          uniq_natasha
D:3:      layout_rooms, mainiacjoe_overflow_tiny_flanked
D:4:      layout_basic, lemuel_doored_altar, mainiacjoe_overflow_six_doors_small
D:5:      layout_layer_cave
D:6:      layout_gridville, minmay_temple_entry_mini_moons, serial_shops, shop,
          gammafunk_ghost_smash

Skill      XL: |  1  2  3  4  5  6  7 |
---------------+----------------------+-----
Shields        | 4 5 6 |  6.5
Fighting       | 4 5 6 |  6.6
Armour         | 4 5 6 |  6.5
Axes           | 3 4 5 6 |  6.0

Action                     |  1- 3 |  4- 6 |  7- 9 || total
---------------------------+-------+-------+-------++-------
  Melee: War axe           |    61 |    68 |    64 ||   193
         Headbutt          |     8 |     6 |    13 ||    27
    Use: Potion            |       |       |     2 ||     2
   Stab: Distracted        |     1 |       |     1 ||     2
 Armour: Scale mail        |    48 |    62 |    96 ||   206
  Dodge: Dodged            |    35 |    26 |    62 ||   123
  Block: Buckler           |    13 |     1 |       ||    14
         Kite shield       |       |    51 |    56 ||   107
